 Dungeon Crawl Stone Soup version 0.30.0-11-gf55b779eaf (webtiles) character file.

Game seed: 9111136398697966355

64 Firecrotchwizard the Chopper (level 4, 0/40 HPs)
             Began as a Hill Orc Monk on May 17, 2023.
             Slain by Natasha (2 damage)
             ... on level 3 of the Dungeon.
             The game lasted 00:02:05 (1091 turns).

Firecrotchwizard the Chopper (Hill Orc Monk)        Turns: 1091, Time: 00:02:06

Health: 0/40       AC:  3    Str: 15    XL:     4   Next: 12%
Magic:  4/4        EV: 12    Int: 10    God:
Gold:   46         SH:  0    Dex: 13    Spells: 3/3 levels left

rFire   . . .        a - +0 hand axe
rCold   . . .        d - orb {light}
rNeg    . . .        b - +0 robe
rPois   .            (no helmet)
rElec   .            (no cloak)
rCorr   .            m - +0 pair of gloves
SInv    .            (no boots)
Will    .....        c - amulet of the acrobat
Stlth   +            (no ring)
HPRegen 0.26/turn    (no ring)
MPRegen 0.09/turn

%: acrobat
@: slowed, glowing, very slow
A: no striking features
a: no special abilities


You were on level 3 of the Dungeon.
You visited 1 branch of the dungeon, and saw 3 of its levels.

You collected 46 gold pieces.

Inventory:

Hand Weapons
 a - a +0 hand axe (weapon)
Armour
 b - a +0 robe (worn)
 d - an orb of light (worn)
 m - a +0 pair of gloves (worn)
Jewellery
 c - an amulet of the acrobat (around neck)
Scrolls
 e - 2 scrolls of identify {unknown}
 f - a scroll of poison {unknown}
 g - a scroll of summoning {unknown}
 h - a scroll of noise {unknown}
 i - a scroll of fear {unknown}
 k - a scroll of silence {unknown}
Potions
 j - 2 potions of might {unknown}
 l - a potion of lignification {unknown}


   Skills:
 + Level 4.2 Fighting
 * Level 5.4 Axes
 + Level 1.7 Armour
 - Level 2.4 Dodging


You had 3 spell levels left.
You didn't know any spells.
Your spell library was empty.

Dungeon Overview and Level Annotations

Branches:
Dungeon (3/15)

Altars:

Annotations:
D:3 Natasha, Robin


Message History

The adder bites you.
* * * LOW HITPOINT WARNING * * *
You are lethally poisoned!
The adder poisons you!
You closely miss the adder.
The adder is almost dead.
You hit the ball python.
You kill the ball python!
* * * LOW HITPOINT WARNING * * *
You feel very sick. The adder closely misses you.
You closely miss the adder.
The adder is almost dead.
* * * LOW HITPOINT WARNING * * *
You feel sick. The adder barely misses you. The adder misses you.
You closely miss the adder.
The adder is almost dead.
* * * LOW HITPOINT WARNING * * *
You feel sick. The adder misses you.
You hit the adder but do no damage.
The adder is almost dead.
* * * LOW HITPOINT WARNING * * *
You feel sick. The adder closely misses you.
You closely miss the adder.
The adder is almost dead.
* * * LOW HITPOINT WARNING * * *
You feel sick. The adder bites you.
* * * LOW HITPOINT WARNING * * *
You hit the adder.
You kill the adder!
* * * LOW HITPOINT WARNING * * *
You feel sick.
You have reached level 4!
You are confused.
You feel invigorated.
You feel sick.
You feel sick.
You feel less invigorated.
You feel less confused.
You feel sick.
You feel sick.
You are no longer poisoned.
You start resting.
HP restored.
Things that are here:
a ball python corpse; a ball python corpse
c - an amulet of the acrobat
Things that are here:
a ball python corpse; a ball python corpse You see here a +0 pair of gloves.
m - a +0 pair of gloves You start putting on your armour.
You continue putting on your +0 pair of gloves. x4
You finish putting on your +0 pair of gloves.
You start putting on your amulet.
You continue putting on your amulet of the acrobat. x5
You finish putting on your amulet of the acrobat.
You feel ready to tumble and roll out of harm's way.
c - an amulet of the acrobat (around neck)
(D) Dungeon
Where to? (Enter - D:2 @ (x,y), ? - help)
Found a fuming pink potion.
There is a stone staircase leading down here.
You climb downwards.
Level annotation: Robin
There is a stone staircase leading up here.
Found a stone staircase leading up.
There is a stone staircase leading up here.
You see here a +0 short sword.
Natasha, Servant of Life and Death comes into view.
Natasha hisses angrily.
Natasha casts a spell at you.
You feel yourself slow down.
Natasha is nearby!
Natasha stares at you and mumbles some strange words.
You feel as though you will be slow longer.
Natasha hisses.
Natasha stares at you and mumbles some strange words.
The magic dart hits you.
You closely miss Natasha. Natasha claws you!
You hit Natasha.
Natasha is moderately wounded.
Natasha stares at you and mumbles some strange words.
The magic dart hits you! Natasha claws you.
* * * LOW HITPOINT WARNING * * *
You hit Natasha but do no damage.
Natasha is moderately wounded.
Natasha casts a spell at you. The magic dart hits you!
* * * LOW HITPOINT WARNING * * *
You hit Natasha.
Natasha is severely wounded.
Natasha stares at you and mumbles some strange words.
The magic dart hits you!
* * * LOW HITPOINT WARNING * * *
Natasha claws you.
* * * LOW HITPOINT WARNING * * *
You hit Natasha but do no damage.
Natasha is severely wounded.
Natasha claws you.
You die...

#..........#
#..........#
##.....#...#
####.....#...#
#............#
...##.....#†####.# ##
##............#
##########...####.######
....?.h@.....####.#
##########........#
#.........##.#
#.###..##.##.# #.#
#..#...#.#
#.#####.###.<).#...#
#..........##...###
#.#####.#######.## #.#
#.#


You could see Natasha.

Vanquished Creatures
  3 adders
  An orc (D:3)
  6 ball pythons
  4 endoplasms
  A giant cockroach (D:1)
  5 goblins
  3 hobgoblins (D:3)
  2 kobolds
  A quokka (D:2)
  5 bats
  A frilled lizard (D:1)
  2 rats
34 creatures vanquished.

Notes
Turn   | Place    | Note
-------+----------+-------------------------------------------
     0 | D:1      | Firecrotchwizard the Hill Orc Monk began the quest for the
                  | Orb.
     0 | D:1      | Reached XP level 1. HP: 19/19 MP: 1/1
   117 | D:1      | Reached XP level 2. HP: 27/27 MP: 2/2
   358 | D:2      | Reached skill level 1 in Armour
   454 | D:3      | Reached XP level 3. HP: 28/33 MP: 3/3
   553 | D:3      | Reached skill level 5 in Axes
   732 | D:3      | Noticed Robin
   890 | D:2      | Reached XP level 4. HP: 3/40 MP: 4/4
  1083 | D:3      | Noticed Natasha
  1090 | D:3      | HP: 2/40 [Natasha (5)]
  1091 | D:3      | Slain by Natasha

Illustrated notes

Levels and vault maps discovered:
D:1:      elethiomel_arrival_shortcut, layout_rooms, serial_shops,
          nicolae_book_shop_shelving, grunt_decor_mini_mirrors, hex_large,
          wad_floor_pattern_untrapped, minivault_11, minmay_split_cup_large
D:2:      layout_loops_ring
D:3:      layout_loops_ring, general_overflow_altar,
          ebering_ecumenical_altar_mist, uniq_robin, uniq_natasha

Skill      XL: |  1  2  3 |
---------------+----------+-----
Armour         | 1 |  1.7
Fighting       | 4 |  4.2
Axes           | 5 |  5.4
Dodging        | |  2.4

Action                     |  1- 3 |  4- 6 || total
---------------------------+-------+-------++-------
  Melee: Hand axe          |   104 |     5 ||   109
    Use: Potion            |       |     1 ||     1
 Armour: Robe              |    17 |       ||    17
  Dodge: Dodged            |    64 |       ||    64
